ORI
UNIVERSITY OF GEORGIA BULLDOGS @ UNIVERSITY OF NEBRASKA CORNHUSKERS
10/01/2049
 
TOP OF THE 1ST
University of Georgia Bulldogs batting - Pitching for University of Nebraska Cornhuskers : LHP Steve Wochner
Pitching: LHP Steve Wochner
Batting: LHB Sloan Rayner 0-0: Ball
1-0: Ball
2-0: Ball
3-0: Called Strike
3-1: Base on Balls
Batting: RHB James Warby 0-0: Ball
Wild Pitch!
Sloan Rayner to second
1-0: Swinging Strike
1-1: Foul Ball, location: 2F
1-2: Ball
2-2: Strikes out swinging
Batting: LHB Cole Sanchez 0-0: Ball
1-0: Ball
2-0: Ground out 4-3 (Groundball, 4, EV 91.9 MPH)
Sloan Rayner to third
Batting: RHB Joe Strong 0-0: Called Strike
0-1: Ball
1-1: Foul Ball, location: 2F
1-2: Strikes out swinging
Top of the 1st over - 0 runs, 0 hits, 0 errors, 1 left on base; University of Georgia 0 - University of Nebraska 0
BOTTOM OF THE 1ST
University of Nebraska Cornhuskers batting - Pitching for University of Georgia Bulldogs : RHP Justin Cain
Pitching: RHP Justin Cain
Batting: RHB Danny Forbes 0-0: Called Strike
0-1: Called Strike
0-2: Strikes out swinging
Batting: SHB Gary Luckwell 0-0: Called Strike
0-1: Ball
1-1: Fly out, F9 (Flyball, 9D, EV 105.0 MPH)
Batting: LHB Bob Appleby 0-0: Ball
1-0: Called Strike
1-1: Ball
2-1: Ball
3-1: Base on Balls
Batting: LHB David Sigmon 0-0: Called Strike
Bob Appleby steals 2nd base
0-1: Ball
1-1: Ball
2-1: Ball
Wild Pitch!
Bob Appleby to third
3-1: Base on Balls
Batting: RHB Mario Lopec 0-0: Called Strike
0-1: Ball
1-1: Foul Ball, location: 2F
1-2: Strikes out swinging
Bottom of the 1st over - 0 runs, 0 hits, 0 errors, 2 left on base; University of Georgia 0 - University of Nebraska 0
TOP OF THE 2ND
University of Georgia Bulldogs batting - Pitching for University of Nebraska Cornhuskers : LHP Steve Wochner
Batting: LHB Andy Dyer 0-0: Ball
1-0: Foul Ball, location: 2F
1-1: Ball
2-1: SINGLE (Line Drive, 7S, EV 108.8 MPH)
Batting: LHB Luis Mejia 0-0: Ball
1-0: Foul Ball, location: 2F
1-1: Ball
2-1: Called Strike
2-2: Fielders Choice at 2nd, 4-6 (Groundball, 4, EV 86.9 MPH)
Batting: LHB Bryan Ross 0-0: DOUBLE (Flyball, 7LD, EV 91.9 MPH)
Luis Mejia to third
Batting: RHB Jeff Wornick 0-0: Ball
Wild Pitch!
Luis Mejia scores
Bryan Ross to third
1-0: Fly out, F4 (Popup, 34, EV 61.9 MPH)
Batting: LHB Edwin Zavala 0-0: Ball
1-0: Called Strike
1-1: Foul Ball, location: 2F
1-2: Strikes out swinging
Top of the 2nd over - 1 run, 2 hits, 0 errors, 1 left on base; University of Georgia 1 - University of Nebraska 0
BOTTOM OF THE 2ND
University of Nebraska Cornhuskers batting - Pitching for University of Georgia Bulldogs : RHP Justin Cain
Batting: LHB Kevin Brannon 0-0: Ball
1-0: Ball
2-0: SINGLE (Groundball, 6MS, EV 67.5 MPH) (infield hit)
Batting: RHB Carlos Salazar 0-0: Ball
Wild Pitch!
Kevin Brannon to second
1-0: Ball
2-0: Fly out, F7 (Flyball, 7, EV 96.2 MPH)
Batting: SHB Andy Henn 0-0: Ball
1-0: Foul Ball, location: 2F
1-1: 2-RUN HOME RUN (Flyball, 9D, EV 96.2 MPH), Distance : 374 ft
Batting: RHB Tariq Garane 0-0: Swinging Strike
0-1: Ball
1-1: Ball
2-1: Fly out, F9 (Flyball, 89S, EV 76.2 MPH)
Batting: RHB Danny Forbes 0-0: Ground out 6-3 (Groundball, 6, EV 99.4 MPH)
Bottom of the 2nd over - 2 runs, 2 hits, 0 errors, 0 left on base; University of Georgia 1 - University of Nebraska 2
TOP OF THE 3RD
University of Georgia Bulldogs batting - Pitching for University of Nebraska Cornhuskers : LHP Steve Wochner
Batting: LHB Sloan Rayner 0-0: Foul Ball, location: 2F
0-1: Ground out 6-3 (Groundball, 6, EV 100.0 MPH)
Batting: RHB James Warby 0-0: Ball
1-0: Foul Ball, location: 2F
1-1: Called Strike
1-2: Strikes out looking
Batting: LHB Cole Sanchez 0-0: Called Strike
0-1: Swinging Strike
0-2: Ball
1-2: Foul Ball, location: 2F
1-2: Strikes out swinging, 2-3 out at first.
Top of the 3rd over - 0 runs, 0 hits, 0 errors, 0 left on base; University of Georgia 1 - University of Nebraska 2
BOTTOM OF THE 3RD
University of Nebraska Cornhuskers batting - Pitching for University of Georgia Bulldogs : RHP Justin Cain
Batting: SHB Gary Luckwell 0-0: Ball
1-0: Called Strike
1-1: SINGLE (Line Drive, 8RS, EV 106.9 MPH)
Batting: LHB Bob Appleby 0-0: Called Strike
Gary Luckwell is caught stealing 2nd base 2-6
0-1: Called Strike
0-2: Ball
1-2: Foul Ball, location: 2F
1-2: Ground out 4-3 (Groundball, 4M, EV 105.6 MPH)
Batting: LHB David Sigmon 0-0: Ball
1-0: Ball
2-0: Ball
3-0: Called Strike
3-1: Called Strike
3-2: Foul Ball, location: 2F
3-2: Single, Error in OF, E9, batter to second base (Groundball, 34D, EV 110.0 MPH)
Batting: RHB Mario Lopec 0-0: Ball
1-0: Fly out, F9 (Line Drive, 9LM, EV 100.6 MPH)
Bottom of the 3rd over - 0 runs, 2 hits, 1 error, 1 left on base; University of Georgia 1 - University of Nebraska 2
TOP OF THE 4TH
University of Georgia Bulldogs batting - Pitching for University of Nebraska Cornhuskers : LHP Steve Wochner
Batting: RHB Joe Strong 0-0: Fly out, F8 (Flyball, 89M, EV 93.8 MPH)
Batting: LHB Andy Dyer 0-0: Called Strike
0-1: Ball
1-1: Ball
2-1: Ball
3-1: Foul Ball, location: 2F
3-2: Base on Balls
Batting: LHB Luis Mejia 0-0: Ball
1-0: Called Strike
Pickoff Throw to First - Out! 1-3 CS
1-1: Called Strike
1-2: Strikes out swinging
Top of the 4th over - 0 runs, 0 hits, 0 errors, 0 left on base; University of Georgia 1 - University of Nebraska 2
BOTTOM OF THE 4TH
University of Nebraska Cornhuskers batting - Pitching for University of Georgia Bulldogs : RHP Justin Cain
Batting: LHB Kevin Brannon 0-0: Called Strike
0-1: Swinging Strike
0-2: Strikes out looking
Batting: RHB Carlos Salazar 0-0: Foul Ball, location: 2F
0-1: Ball
1-1: Ball
2-1: Called Strike
2-2: Strikes out swinging, 2-3 out at first.
Batting: SHB Andy Henn 0-0: Ball
1-0: Foul Ball, location: 2F
1-1: Ground out 4-3 (Groundball, 4, EV 89.4 MPH)
Bottom of the 4th over - 0 runs, 0 hits, 0 errors, 0 left on base; University of Georgia 1 - University of Nebraska 2
TOP OF THE 5TH
University of Georgia Bulldogs batting - Pitching for University of Nebraska Cornhuskers : LHP Steve Wochner
Batting: LHB Bryan Ross 0-0: Called Strike
0-1: SINGLE (Line Drive, 56D, EV 98.8 MPH)
Batting: RHB Jeff Wornick 0-0: Ball
1-0: Foul Ball, location: 2F
1-1: Swinging Strike
1-2: Ball
2-2: Fly out, F9 (Flyball, 9LSF, EV 75.6 MPH)
Batting: LHB Edwin Zavala 0-0: Ball
Bryan Ross is caught stealing 2nd base 2-6
1-0: Called Strike
1-1: Foul Ball, location: 2F
1-2: Ball
2-2: Foul Ball, location: 2F
2-2: Strikes out swinging
Top of the 5th over - 0 runs, 1 hit, 0 errors, 0 left on base; University of Georgia 1 - University of Nebraska 2
BOTTOM OF THE 5TH
University of Nebraska Cornhuskers batting - Pitching for University of Georgia Bulldogs : RHP Justin Cain
Batting: RHB Tariq Garane 0-0: Ground out U3 (Groundball, 34, EV 82.5 MPH)
Batting: RHB Danny Forbes 0-0: Ground out 5-3 (Groundball, 56S, EV 66.2 MPH)
Batting: SHB Gary Luckwell 0-0: Ball
1-0: Ball
2-0: Called Strike
2-1: Ground out U3 (Groundball, 34, EV 103.1 MPH)
Bottom of the 5th over - 0 runs, 0 hits, 0 errors, 0 left on base; University of Georgia 1 - University of Nebraska 2
TOP OF THE 6TH
University of Georgia Bulldogs batting - Pitching for University of Nebraska Cornhuskers : LHP Steve Wochner
Batting: LHB Sloan Rayner 0-0: Ball
1-0: Called Strike
1-1: Ground out 1-3 (Groundball, 15, EV 76.2 MPH)
Batting: RHB James Warby 0-0: Ball
1-0: Called Strike
1-1: Foul Ball, location: 2F
1-2: Strikes out swinging
Batting: LHB Cole Sanchez 0-0: Called Strike
0-1: Swinging Strike
0-2: Foul Ball, location: 2F
0-2: Ball
1-2: Ball
2-2: Strikes out swinging
Top of the 6th over - 0 runs, 0 hits, 0 errors, 0 left on base; University of Georgia 1 - University of Nebraska 2
BOTTOM OF THE 6TH
University of Nebraska Cornhuskers batting - Pitching for University of Georgia Bulldogs : RHP Justin Cain
Batting: LHB Bob Appleby 0-0: Ball
1-0: Ball
2-0: Ball
3-0: Called Strike
3-1: DOUBLE (Line Drive, 5D, EV 102.5 MPH)
Batting: LHB David Sigmon 0-0: Ball
1-0: Called Strike
1-1: Foul Ball, location: 2F
1-2: Foul Ball, location: 2F
1-2: Ground out 3-1 (Groundball, 34, EV 84.4 MPH)
Bob Appleby to third
Pitching: RHP Bill Maher
Batting: RHB Mario Lopec 0-0: Fly out, F8 (Flyball, 8RXD, EV 105.0 MPH)
Runner from 3rd tags up, SCORES, no throw by CF
Batting: LHB Kevin Brannon 0-0: Ball
1-0: Called Strike
1-1: Ball
2-1: Ball
3-1: Base on Balls
Batting: RHB Carlos Salazar 0-0: Ball
1-0: Foul Ball, location: 2F
1-1: Fielders Choice at 2nd, 5-4 (Groundball, 5, EV 85.0 MPH)
Bottom of the 6th over - 1 run, 1 hit, 0 errors, 1 left on base; University of Georgia 1 - University of Nebraska 3
TOP OF THE 7TH
University of Georgia Bulldogs batting - Pitching for University of Nebraska Cornhuskers : LHP Steve Wochner
Pitching: RHP Charlie Lutz
Batting: RHB Joe Strong 0-0: Swinging Strike
0-1: Ball
1-1: Called Strike
1-2: Foul Ball, location: 2F
1-2: Strikes out swinging, 2-3 out at first.
Batting: LHB Andy Dyer 0-0: Called Strike
0-1: Called Strike
0-2: Strikes out looking
Batting: LHB Luis Mejia 0-0: Ball
1-0: Swinging Strike
1-1: Foul Ball, location: 2F
1-2: Ball
2-2: Ground out U3 (Groundball, 3S, EV 76.9 MPH)
Top of the 7th over - 0 runs, 0 hits, 0 errors, 0 left on base; University of Georgia 1 - University of Nebraska 3
BOTTOM OF THE 7TH
University of Nebraska Cornhuskers batting - Pitching for University of Georgia Bulldogs : RHP Bill Maher
Batting: SHB Andy Henn 0-0: Ball
1-0: Called Strike
1-1: Swinging Strike
1-2: Strikes out swinging
Batting: RHB Tariq Garane 0-0: Ball
1-0: Called Strike
1-1: Swinging Strike
1-2: Ball
2-2: Strikes out swinging
Batting: RHB Danny Forbes 0-0: Ball
1-0: Foul Ball, location: 2F
1-1: Ball
2-1: Swinging Strike
2-2: Strikes out swinging
Bottom of the 7th over - 0 runs, 0 hits, 0 errors, 0 left on base; University of Georgia 1 - University of Nebraska 3
TOP OF THE 8TH
University of Georgia Bulldogs batting - Pitching for University of Nebraska Cornhuskers : RHP Charlie Lutz
Batting: LHB Bryan Ross 0-0: Ball
1-0: Foul Ball, location: 2F
1-1: Called Strike
1-2: Foul Ball, location: 2F
1-2: Foul Ball, location: 2F
1-2: Ground out U3 (Groundball, 3, EV 88.8 MPH)
Pinch Hitting: RHB Javier Alcorta 0-0: Ball
1-0: Ball
2-0: DOUBLE (Line Drive, 89D, EV 113.8 MPH)
Pinch Hitting: RHB Ed Howard 0-0: Called Strike
0-1: Called Strike
0-2: Ball
1-2: Strikes out swinging
Batting: LHB Sloan Rayner 0-0: Ball
1-0: Foul Ball, location: 2F
1-1: SINGLE (Line Drive, 6M, EV 98.1 MPH)
Javier Alcorta to third
Runner from 3rd tries for Home, throw by CF and OUT! 8-2
Top of the 8th over - 0 runs, 2 hits, 0 errors, 1 left on base; University of Georgia 1 - University of Nebraska 3
BOTTOM OF THE 8TH
University of Nebraska Cornhuskers batting - Pitching for University of Georgia Bulldogs : RHP Bill Maher
Now at 2B: Albert Rodriguez
Now in CF: Ed Howard
Batting: SHB Gary Luckwell 0-0: Ball
1-0: Ball
2-0: Swinging Strike
2-1: Foul Ball, location: 2F
2-2: Strikes out swinging
Batting: LHB Bob Appleby 0-0: Swinging Strike
0-1: Called Strike
0-2: Foul Ball, location: 2F
0-2: Ball
1-2: Ball
2-2: Ball
3-2: Ground out 4-3 (Groundball, 34, EV 103.1 MPH)
Batting: LHB David Sigmon 0-0: Ball
1-0: Called Strike
1-1: Ball
2-1: Foul Ball, location: 2F
2-2: Strikes out swinging
Bottom of the 8th over - 0 runs, 0 hits, 0 errors, 0 left on base; University of Georgia 1 - University of Nebraska 3
TOP OF THE 9TH
University of Georgia Bulldogs batting - Pitching for University of Nebraska Cornhuskers : RHP Charlie Lutz
Pitching: RHP Jimmy Fritcher
Batting: RHB James Warby 0-0: Called Strike
0-1: Ball
1-1: Foul Ball, location: 2F
1-2: Fly out, F7 (Line Drive, 7, EV 90.0 MPH)
Batting: LHB Cole Sanchez 0-0: Ball
1-0: Called Strike
1-1: Foul Ball, location: 2F
1-2: SINGLE (Flyball, 78S, EV 86.2 MPH) - OUT at second base trying to stretch hit.
Batting: RHB Joe Strong 0-0: Ball
1-0: Foul Ball, location: 2F
1-1: Foul Ball, location: 2F
1-2: Ground out 5-3 (Groundball, 56D, EV 84.4 MPH)
Top of the 9th over - 0 runs, 1 hit, 0 errors, 0 left on base; University of Georgia 1 - University of Nebraska 3
Sunday, July 16th , 2023 - OOTP Baseball 24.6 Build 69